 Dungeon Crawl Stone Soup version 0.29-a0-492-g10b964d8d7 (webtiles) character file.

Game seed: 12711985870621527884

153 Colgate the Sneak (level 5, -5/30 HPs)
             Began as a Kobold Brigand on May 27, 2022.
             Was an Initiate of Okawaru.
             Slain by an orc priest
             ... wielding a +0 flail
              (9 damage)
             ... on level 3 of the Dungeon.
             The game lasted 00:06:34 (3912 turns).

Colgate the Sneak (Kobold Brigand)                  Turns: 3912, Time: 00:06:35

Health: -5/30      AC:  3    Str:  8    XL:     5   Next: 61%
Magic:  5/5        EV: 14    Int: 13    God:    Okawaru [......]
Gold:   95         SH:  0    Dex: 18    Spells: 4/4 levels left

rFire   . . .      SeeInvis .   a - +2 dagger
rCold   . . .      Faith    .   (no shield)
rNeg    + . .      Spirit   .   p - +0 robe
rPois   .          Reflect  .   (no helmet)
rElec   .          Harm     .   c - +0 cloak
rCorr   .          Rampage  .   (no gloves)
Will    .....                   (no boots)
Stlth   ++++......              f - amulet of the acrobat
HPRegen 0.10/turn               m - ring of positive energy
MPRegen 0.09/turn               (no ring)

@: no status effects
A: small, no large weapons, nightstalker 3
a: Renounce Religion


You were on level 3 of the Dungeon.
You worshipped Okawaru.
Okawaru was noncommittal.
You visited 1 branch of the dungeon, and saw 3 of its levels.

You collected 95 gold pieces.

Inventory:

Hand Weapons
 a - a +2 dagger (weapon)
 b - a +2 hunting sling of flaming
Missiles
 d - 9 poisoned darts (quivered)
 e - 3 curare-tipped darts
 k - 4 boomerangs
Armour
 c - a +0 cloak (worn)
 p - a +0 robe (worn)
Jewellery
 f - an amulet of the acrobat (around neck)
 m - a ring of positive energy (left hand)
Scrolls
 h - 3 scrolls of teleportation {@r3}
 i - a scroll of fear {unknown}
 j - a scroll of magic mapping {unknown}
 l - 2 scrolls of identify {unknown}
 n - a scroll of summoning {unknown}
 o - a scroll of noise {unknown}
 r - a scroll of enchant weapon {unknown}
 u - a scroll of silence {unknown}
 v - 2 scrolls of enchant armour {unknown}
 w - 2 scrolls of blinking {unknown}
 x - a scroll of amnesia {unknown}
 y - a scroll of torment {unknown}
Potions
 g - a potion of cancellation {unknown}
 q - 2 potions of mutation {unknown}
 s - a potion of curing {unknown}
 t - a potion of heal wounds {@q2}


   Skills:
 - Level 2.1 Fighting
 - Level 6.0 Short Blades
 + Level 3.2 Throwing
 - Level 1.2 Dodging
 - Level 6.0 Stealth


You had 4 spell levels left.
You didn't know any spells.
Your spell library was empty.

Dungeon Overview and Level Annotations

Branches:
Dungeon (3/15)

Altars:
Okawaru

Shops:
D:3 [


Innate Abilities, Weirdness & Mutations

You are small and have problems with some larger weapons.
You are completely attuned to the shadows.


Message History

You hit the orc.
You kill the orc!
Okawaru accepts your kill. The orc completely misses you.
Items here: ( ) [ †.
You hit the orc.
An orc priest comes into view. It is wielding a +0 flail.
You barely miss the orc. The orc misses you.
You closely miss the orc. The orc barely misses you.
You completely miss the orc. The orc hits you with a +0 whip.
You hit the orc.
You kill the orc!
Okawaru accepts your kill. The orc priest barely misses you.
You barely miss the orc priest.
The orc priest miscasts a cantrip.
You completely miss the orc priest. You hit the orc priest.
The orc priest hits you with a +0 flail!
You completely miss the orc priest. The orc priest misses you.
You closely miss the orc priest.
You hit the orc priest but do no damage.
The orc priest closely misses you.
You hit the orc priest.
The orc priest miscasts a cantrip.
You barely miss the orc priest. You closely miss the orc priest.
The orc priest hits you with a +0 flail!
You barely miss the orc priest. The orc priest closely misses you.
You hit the orc priest but do no damage.
The orc priest hits you with a +0 flail!
* * * LOW HITPOINT WARNING * * *
You hit the orc priest. You closely miss the orc priest.
The orc priest closely misses you.
You hit the orc priest but do no damage.
The orc priest barely misses you.
You hit the orc priest but do no damage.
You hit the orc priest but do no damage.
The orc priest hits you with a +0 flail!
You die...

#.# #.##.# #.####.##..
#....#..... ####.#####. #.....
#....... ##..... ####...# ......
+.... #######.o... #.#....
####.....)@).# #.#....
#....#######.# #.####.
##....#..#..#... #####.# #.
#.....#........##......#####
#....##........##.###....).. ##
#...........)..##.# #.####.. .###
#........#......#.###.# #...
...###....#.#<..####.#.....###..#
.......####.#.....##............#


You could see an orc priest.

Vanquished Creatures
  An orc priest (D:3)
  Terence (D:3)
  3 adders
  A worm (D:3)
  3 dart slugs
  4 orcs (D:3)
  6 ball pythons
  9 endoplasms
  A giant cockroach (D:3)
  2 hobgoblins (D:1)
  2 quokkas
  3 bats
  2 frilled lizards (D:1)
  7 goblins
  7 kobolds
  4 rats
56 creatures vanquished.

Notes
Turn   | Place    | Note
-------+----------+-------------------------------------------
     0 | D:1      | Colgate the Kobold Brigand began the quest for the Orb.
     0 | D:1      | Reached XP level 1. HP: 12/12 MP: 1/1
   388 | D:1      | Reached XP level 2. HP: 17/17 MP: 2/2
   850 | D:1      | Reached XP level 3. HP: 10/21 MP: 3/3
  2099 | D:2      | Reached XP level 4. HP: 22/26 MP: 4/4
  2684 | D:2      | Reached skill level 5 in Short Blades
  3040 | D:3      | Found an iron altar of Okawaru.
  3043 | D:3      | Noticed Terence
  3045 | D:3      | Became a worshipper of Warmaster Okawaru
  3048 | D:3      | Killed Terence
  3236 | D:3      | Found Lout's Antique Armour Shoppe.
  3557 | D:3      | Reached XP level 5. HP: 27/30 MP: 5/5
  3912 | D:3      | Slain by an orc priest

Illustrated notes

Levels and vault maps discovered:
D:1:      mushboom_english_gardens, layout_loops_corners, serial_park_tiny_2,
          hangedman_decor_clover_reticule
D:2:      layout_loops_ring, serial_rivers, chequers_serial_rivers_large_b,
          chequers_serial_rivers_marsh, chequers_serial_rivers_small_3,
          chequers_serial_rivers_marsh, chequers_serial_rivers_room_b,
          chequers_serial_rivers_small_a
D:3:      layout_basic, mainiacjoe_overflow_boulevard, serial_shops, shop,
          kennysheep_boxes, uniq_terence, uniq_grinder

Skill      XL: |  1  2  3  4  5 |
---------------+----------------+-----
Short Blades   | 3 4 5 6 |  6.0
Stealth        | 6 |  6.0
Throwing       | 3 |  3.2
Fighting       | |  2.1
Dodging        | |  1.2

Action                   |  1- 3 |  4- 6 || total
-------------------------+-------+-------++-------
Melee: Dagger            |    71 |    87 ||   158
  Use: Scroll            |     1 |       ||     1
       Potion            |     1 |       ||     1
 Stab: Sleeping          |    17 |     8 ||    25
       Distracted        |     1 |       ||     1
Armor: Robe              |     4 |     1 ||     5
Dodge: Dodged            |    25 |    31 ||    56

Table legend: (Time is in decaauts)
 A = Elapsed time spent in this place.
 B = Non-inter-level travel time spent in this place.
 C = Inter-level travel time spent in this place.
 D = Time resting spent in this place.
 E = Time spent auto-exploring this place.
 F = Levels seen in this place.
 G = Mean time per level.
                   A        B        C        D        E       F      G
               +--------+--------+--------+--------+--------+-----+--------+
         Total |   3955 |   3774 |    181 |    144 |   3183 |   3 | 1318.3 |
       Dungeon |   3955 |   3774 |    181 |    144 |   3183 |   3 | 1318.3 |
               +--------+--------+--------+--------+--------+-----+--------+

Top non-repeatable levels by time:
     D:1: 1588 daAuts
     D:2: 1492 daAuts
     D:3: 875 daAuts
